 Dungeon Crawl Stone Soup version 0.27-a0-1590-g15f69828bf (webtiles) character file.

Game seed: 4244262173798090434

10516 flotson the Fighter (level 11, 0/129 HPs)
             Began as a Demonspawn Delver on July 19, 2021.
             Was an Initiate of Gozag.
             Slain by a blink frog (2 damage)
             ... on level 10 of the Dungeon.
             The game lasted 00:33:50 (18332 turns).

flotson the Fighter (Demonspawn Delver)            Turns: 18332, Time: 00:33:52

Health: 0/129      AC: 25    Str: 16    XL:     11   Next: 37%
Magic:  6/11       EV:  2    Int: 11    God:    Gozag
Gold:   121        SH:  5    Dex: 15    Spells: 1/10 levels left

rFire    . . .     SeeInvis +   J - +8 hand axe "Qyg Kuok" {pain, Drain Fly rElec rCorr}
rCold    . . .     Faith    .   t - +0 buckler
rNeg     + + +     Spirit   .   (armour currently unavailable)
rPois    +         Reflect  .   (helmet currently unavailable)
rElec    +         Harm     .   (cloak currently unavailable)
rCorr    +         Rampage  .   (gloves currently unavailable)
Will     +....     NoTele   +   (boots currently unavailable)
Stlth    +++.......             (no amulet)
HPRegen  0.31/turn              h - ring of willpower
MPRegen  0.12/turn              v - ring of see invisible

@: tree-form, gold aura
A: stationary, stasis, torment immunity, boosted hp, (antennae 1), demonic
guardian 1, demonic magic 2
a: Renounce Religion, Potion Petition, Call Merchant, Bribe Branch


You were on level 10 of the Dungeon.
You worshipped Gozag.
Gozag was aware of your devotion.
You were a tree.
You visited 3 branches of the dungeon, and saw 13 of its levels.

You collected 543 gold pieces.
You spent 253 gold pieces at shops.
You paid 169 gold pieces to Gozag.

Inventory:

Hand Weapons
 J - the +8 hand axe "Qyg Kuok" (weapon) {pain, Drain Fly rElec rCorr}
   (You found it on level 8 of the Dungeon)

   In the hands of one skilled in necromantic magic, it inflicts extra damage on
   living creatures.
   rElec:     It insulates you from electricity.
   Fly:       It grants you flight.
   rCorr:     It protects you from acid and corrosion.
   Drain:     It drains your maximum health when unequipped.
Missiles
 d - 13 poisoned darts
 i - 4 silver boomerangs
 k - 10 boomerangs
 o - 7 javelins (quivered)
 F - 2 datura-tipped darts
 I - 3 atropa-tipped darts
Armour
 e - a +0 pair of gloves (melded)
 t - a +0 buckler (worn)
 C - a +0 cloak (melded)
 N - a +0 troll leather armour (melded)
Magical Staves
 j - a staff of death
Jewellery
 b - a ring of flight
 h - a ring of willpower (left branch)
 v - a ring of see invisible (right branch)
 w - a ring of fire
Wands
 g - a wand of digging (3)
 y - a wand of flame (56)
 D - a wand of iceblast (8)
Scrolls
 a - a scroll of torment {unknown}
 m - 2 scrolls of fear
 p - 7 scrolls of identify {unknown}
 q - a scroll of enchant weapon {unknown}
 s - 3 scrolls of magic mapping
 u - a scroll of amnesia {unknown}
 B - a scroll of fog
 G - 3 scrolls of teleportation
 H - a scroll of blinking {unknown}
 K - a scroll of immolation {unknown}
 L - a scroll of silence {unknown}
Potions
 c - a potion of flight {unknown}
 l - a potion of mutation {unknown}
 n - a potion of attraction {unknown}
 z - a potion of resistance {unknown}
 A - a potion of cancellation {unknown}
 E - a potion of invisibility {unknown}
 M - a potion of berserk rage {unknown}


   Skills:
 + Level 8.1 Fighting
 + Level 7.0 Axes
 - Level 3.0 Throwing
 + Level 6.7 Armour
 + Level 7.1 Dodging
 - Level 4.5 Stealth
 - Level 4.0 Shields
 - Level 5.0 Summonings
 - Level 5.0 Translocations
 - Level 3.3 Evocations


You had one spell level left.
You knew the following spells:

 Your Spells              Type           Power      Damage    Failure   Level
a - Blink                 Tloc           N/A        N/A       7%          2
b - Summon Small Mammal   Summ           44%        N/A       4%          1
c - Call Canine Familiar  Summ           11%        N/A       14%         3
d - Summon Guardian Gole  Hex/Summ       5%         N/A       36%         3

Your spell library contained the following spells:

 Spells                   Type           Power      Damage    Failure   Level
 Shock                    Conj/Air       0%         1d3       34%         1
 Sting                    Tmut/Pois      0%         1d3       34%         1
 Lesser Beckoning         Tloc           5%         N/A       14%         3
 Portal Projectile        Hex/Tloc       10%        N/A       36%         3
 Corpse Rot               Necr/Air       N/A        N/A       47%         2
 Passwall                 Tmut/Erth      0%         N/A       47%         2
 Poisonous Vapours        Pois/Air       0%         N/A       47%         2
 Static Discharge         Conj/Air       0%         N/A       47%         2
 Sublimation of Blood     Necr           0%         N/A       47%         2
 Swiftness                Air            0%         N/A       71%         3
 Manifold Assault         Tloc           11%        N/A       77%         5
 Airstrike                Air            0%         N/A       98%         4
 Cause Fear               Hex            0%         N/A       98%         4
 Dispel Undead            Necr           0%         3d6       98%         4
 Leda's Liquefaction      Hex/Erth       0%         N/A       98%         4
 Olgreb's Toxic Radiance  Pois           0%         N/A       98%         4
 Fireball                 Conj/Fire      0%         3d3       100%        5
 Iskenderun's Battlesphe  Conj           0%         2d6       100%        5
 Conjure Ball Lightning   Conj/Air       0%         3x3d6     100%        6
 Death Channel            Necr           0%         N/A       100%        6
 Invisibility             Hex            0%         N/A       100%        6
 Dragon Form              Tmut           0%         N/A       100%        7
 Orb of Destruction       Conj           0%         N/A       100%        7
 Borgnjor's Revivificati  Necr           0%         N/A       100%        8
 Necromutation            Tmut/Necr      0%         N/A       100%        8
 Dragon's Call            Summ           5%         N/A       100%        9


Dungeon Overview and Level Annotations

Branches:
Dungeon (11/15)            Temple (1/1) D:5            Lair (1/6) D:10
    Orc (0/2) D:9

Altars:
Ashenzari
Cheibriados
Dithmenos
Elyvilon
Fedhas
Gozag
Hepliaklqana
Kikubaaqudgha
Makhleb
Nemelex Xobeh
Okawaru
Qazlal
Ru
Sif Muna
Trog
Uskayaw
Vehumet
Wu Jian
Xom
Yredelemnul
Zin
The Shining One
Beogh

Shops:
D:3 (   D:4 [


Innate Abilities, Weirdness & Mutations

You are a tree.
Your roots penetrate the ground, keeping you stationary.
You cannot be teleported.
You are immune to unholy pain and torment.
Your maximum health is greatly increased.
Your equipment is partially melded.
((You have a pair of small antennae on your head.))
A weak demonic guardian rushes to your aid.
Spells you cast may paralyse nearby enemies.


Message History

The blink frog hits you!
* * * LOW HITPOINT WARNING * * *
Your quokka closely misses the blink frog.
Your bat closely misses the blink frog.
Casting: Summon Small Mammal (safe; 5% risk of failure)
Confirm with . or Enter, or press ? or * to list all spells.
Malevolent energies surge around you.
Your bat disappears in a puff of smoke!
Your bat misses the blink frog.
Your bat closely misses the blink frog.
The blink frog barely misses you.
Your bat barely misses the blink frog.
The blink frog hits you.
* * * LOW HITPOINT WARNING * * *
Your quokka misses the blink frog.
Your iron imp completely misses the blink frog.
The blink frog hits you.
* * * LOW HITPOINT WARNING * * *
Okay, then.
Really quaff the potion of lignification?
You turn into a tree.
Your +0 cloak melds into your body.
Your +0 pair of gloves melds into your body.
Your +0 troll leather armour melds into your body.
Your roots penetrate the ground.
The blink frog is no longer distracted by gold.
Your bat barely misses the blink frog.
The blink frog barely misses you.
The blink frog hits you but does no damage.
Your bat closely misses the blink frog.
Your quokka closely misses the blink frog.
The blink frog barely misses you.
Your bat barely misses the blink frog.
The blink frog hits you but does no damage.
The blink frog hits you!
* * * LOW HITPOINT WARNING * * *
The blink frog blinks!
Your iron imp hits the blink frog!
Casting: Summon Small Mammal (safe; 4% risk of failure)
Confirm with . or Enter, or press ? or * to list all spells.
Malevolent energies surge around you.
Your quokka disappears in a puff of smoke!
Your bat barely misses the blink frog.
Your bat hits the blink frog. x2
The blink frog hits you.
You die...
Your body crumbles into a pile of gold.

##.#.###......##......#.#...# #.
...#..........##........#.#.####.
...#..........#.........#........
...#.....####.....####..###.####.
...#.....##.........##.># #.# #.
.........#.....(..P..#..# #.# #.
..........).....b§......###.####.
...............5Fbb.....#....[...
)...........P.rF♣.?F....#.#.####.
...#.....#..(..§.....#..#...# #.
...#.....##.........##..'########
.........####.....#####......)...
...................##'#....##'##.
...........................##..<.
.###...........####..............
.# #.....#.....##................
## #.....#....###................


You could see 3 blink frogs, a friendly iron imp (summoned), 3 friendly bats and
a friendly rat (summoned).

Vanquished Creatures
  3 two-headed ogres
  A kobold demonologist (D:9)
  A gargoyle (D:10)
  A troll (D:10)
  Prince Ribbit (D:10)
  Grinder (D:3)
  10 blink frogs (D:10)
  Sigmund (D:5)
  A wyvern (D:9)
  13 yaks
  Eustachio (D:6)
  A basilisk (D:10)
  2 steam dragons
  A water moccasin (D:4)
  An orc warrior (D:9)
  2 sky beasts
  A black bear (D:10)
  An ogre (D:4)
  5 centaurs
  A gnoll sergeant (D:10)
  3 scorpions
  A wyvern zombie (D:6)
  A water moccasin skeleton (D:5)
  3 howler monkeys
  2 centaur zombies
  3 hounds
  A gnoll shaman (D:7)
  2 jellies
  A bullfrog skeleton (D:5)
  2 iguanas
  Jessica (D:2)
  5 orc wizards
  A killer bee zombie (D:8)
  A hound skeleton (D:4)
  Robin (D:1)
  16 gnolls
  6 adders
  2 shadow imps
  A white imp (D:6)
  2 worms
  21 orcs
  4 ball pythons
  6 endoplasms
  2 giant cockroaches (D:1)
  18 goblins
  12 hobgoblins
  7 jackals
  5 kobolds
  3 quokkas
  9 bats
  3 frilled lizards
  10 rats
204 creatures vanquished.

Vanquished Creatures (collateral kills)
  An elephant (D:10)
  A komodo dragon (D:10)
  A yak (D:9)
  An orc (D:10)
4 creatures vanquished.

Vanquished Creatures (others)
  A fungus (D:10)
  A plant (D:10)
2 creatures vanquished.

Grand Total: 210 creatures vanquished

Notes
Turn   | Place    | Note
-------+----------+-------------------------------------------
     0 | D:5      | flotson the Demonspawn Delver began the quest for the Orb.
     0 | D:5      | Reached XP level 1. HP: 18/18 MP: 1/1
     9 | D:5      | Noticed an orc wizard
   284 | D:3      | Found Gahew's Antique Weapon Emporium.
   312 | D:3      | Gained mutation: Spells you cast may paralyse adjacent
                  | enemies. [demonic ancestry]
   312 | D:3      | Reached XP level 2. HP: 17/24 MP: 2/2
   442 | D:3      | Found a broken altar of Ashenzari.
   537 | D:2      | Noticed Robin
   544 | D:3      | Noticed Grinder
   801 | D:1      | Reached skill level 1 in Armour
   801 | D:1      | Reached XP level 3. HP: 26/29 MP: 3/3
  1047 | D:1      | Found a faded altar of an unknown god.
  1916 | D:1      | Killed Robin
  1917 | D:1      | Gained mutation: You have a pair of small antennae on your
                  | head. [demonic ancestry]
  1917 | D:1      | Reached XP level 4. HP: 27/35 MP: 4/4
  2675 | D:2      | Noticed Jessica
  2686 | D:2      | Killed Jessica
  3124 | D:2      | Reached XP level 5. HP: 27/42 MP: 5/5
  3722 | D:3      | Paralysed by Grinder for 3 turns
  3731 | D:3      | Killed Grinder
  3732 | D:3      | Reached skill level 4 in Fighting
  3732 | D:3      | Reached skill level 1 in Throwing
  3732 | D:3      | Reached skill level 1 in Evocations
  3732 | D:3      | Reached XP level 6. HP: 13/48 MP: 6/6
  4559 | D:4      | Reached XP level 7. HP: 55/55 MP: 7/7
  5325 | D:4      | Found Omiejeomm's Armour Shop.
  5334 | D:4      | Bought a +0 buckler for 58 gold pieces
  5454 | D:4      | Got the Disquisition on Gliding Evil
  6107 | D:5      | Noticed Sigmund
  6118 | D:5      | Killed Sigmund
  6119 | D:5      | Reached skill level 1 in Shields
  6128 | D:5      | HP: 2/55 [poisoned by Sigmund]
  6499 | D:5      | Found a sacrificial altar of Ru.
  6554 | D:5      | Noticed a troll
  6554 | D:5      | Noticed a troll
  6822 | D:5      | Reached skill level 5 in Fighting
  6822 | D:5      | Gained mutation: Spells you cast may paralyse nearby
                  | enemies. [demonic ancestry]
  6822 | D:5      | Reached XP level 8. HP: 50/62 MP: 8/8
  6826 | D:5      | Learned a level 2 spell: Blink
  6884 | D:5      | Found a staircase to the Ecumenical Temple.
  7300 | D:6      | Noticed Eustachio
  7327 | D:6      | Killed Eustachio
  7896 | Temple   | Entered the Ecumenical Temple
  8309 | D:6      | Learned a level 1 spell: Summon Small Mammal
  8557 | D:6      | Found a sparkling altar of Nemelex Xobeh.
  8686 | D:6      | Reached skill level 1 in Translocations
  9008 | D:6      | Paralysed by an orc wizard for 5 turns
  9016 | D:6      | Paralysed by an orc wizard for 6 turns
  9366 | D:5      | Reached skill level 1 in Summonings
  9545 | D:5      | Found a staircase to the Ecumenical Temple.
  9655 | D:5      | Found a sacrificial altar of Ru.
 11002 | D:7      | Found a stormy altar of Qazlal.
 11864 | D:7      | Reached XP level 9. HP: 7/69 MP: 9/9
 12488 | D:8      | Noticed a two-headed ogre
 12806 | D:8      | Identified the +8 hand axe "Qyg Kuok" {pain, Drain Fly
                  | rElec rCorr}
 12864 | D:8      | Killed a two-headed ogre
 12865 | D:8      | Reached skill level 6 in Fighting
 12865 | D:8      | Reached skill level 5 in Dodging
 12942 | D:7      | Reached skill level 5 in Axes
 13735 | D:7      | Reached skill level 5 in Armour
 13969 | D:8      | Gained mutation: A weak demonic guardian rushes to your
                  | aid. [demonic ancestry]
 13969 | D:8      | Reached XP level 10. HP: 37/77 MP: 10/10
 14213 | D:8      | Found a hazy altar of Hepliaklqana.
 14418 | D:9      | Found a staircase to the Orcish Mines.
 14439 | D:9      | Found a hide-covered altar of Uskayaw.
 14515 | D:9      | Noticed a two-headed ogre
 14523 | D:9      | Killed a two-headed ogre
 15566 | D:10     | Entered Level 10 of the Dungeon
 15581 | D:10     | Reached skill level 7 in Fighting
 15706 | D:10     | Found a large runed translucent door.
 15707 | D:10     | Found a large runed translucent door.
 15760 | D:10     | Noticed a gargoyle
 15771 | D:10     | Killed a gargoyle
 15986 | D:3      | Bought a brightly glowing whip for 195 gold pieces
 15986 | D:3      | Identified the +4 whip of Purpose {freeze, rC+ rN+ Int-5
                  | Dex+4} (You bought it in a shop on level 3 of the Dungeon)
 16647 | D:10     | Reached skill level 5 in Summonings
 16720 | D:10     | Found a staircase to the Lair.
 16720 | D:10     | Noticed an elephant
 16877 | D:10     | Killed an elephant
 16878 | D:10     | Reached XP level 11. HP: 44/84 MP: 3/11
 17155 | D:10     | Learned a level 3 spell: Call Canine Familiar
 17159 | D:10     | Learned a level 3 spell: Summon Guardian Golem
 17166 | D:10     | Found an ancient bone altar of Kikubaaqudgha.
 17166 | D:10     | Noticed a two-headed ogre
 17183 | D:10     | Noticed a sixfirhy
 17369 | D:10     | Killed a two-headed ogre
 17461 | D:10     | Found an opulent altar of Gozag.
 17464 | D:10     | Became a worshipper of Gozag Ym Sagoz the Greedy
 17470 | D:10     | Found an ancient bone altar of Kikubaaqudgha.
 17513 | D:10     | Found a staircase to the Lair.
 17555 | D:9      | Reached skill level 5 in Translocations
 18026 | Lair:1   | Entered Level 1 of the Lair of Beasts
 18026 | Lair:1   | Noticed Prince Ribbit
 18040 | D:10     | Killed Prince Ribbit
 18089 | D:10     | HP: 3/86 [blink frog (15)]
 18272 | D:10     | Reached skill level 8 in Fighting
 18331 | D:10     | HP: 2/129 [blink frog (8)]
 18332 | D:10     | Slain by a blink frog

Illustrated notes

Levels and vault maps discovered:
D:1:      lightli_arrival_lavapool, layout_rooms,
          hellmonk_ecumenical_altar_defaced_shrine,
          chequers_serial_rivers_marsh, nrook_mini_vaults
D:2:      layout_rooms, minmay_rat_gold_closets, uniq_robin, uniq_jessica
D:3:      layout_basic, ashenzari_altar_1, serial_shops, shop_fountains,
          minmay_fractal_squares_5, uniq_grinder
D:4:      layout_basic, serial_shops, shop_fountains, roderic_lattice_a
D:5:      layout_cave_pools, nicolae_ru_awakened_eye,
          minmay_temple_entry_nine_rooms, lightli_corner_chamber, uniq_sigmund
D:6:      layout_basic, nemelex_spade_bored_becter, serial_glass,
          glass_columns_b, glass_columns_b, uniq_eustachio
D:7:      layout_basic, kennysheep_little_box, amcnicky_mini_pool_small
D:8:      layout_basic, worldfamousw_hep_ancestral_shrine
D:9:      layout_gridville, lemuel_tele_altar, orc_0_dummy,
          corexii_hall_statues_u, nrook_uturn
D:10:     layout_basic, jmf_multi_god_temple2, david_lair_generic,
          minmay_misc_feat_pillars, roderic_st_hans_cross
D:11:     lemuel_reptile_caves, layout_loops_ring
Temple:   nicolae_temple_great_sept
Lair:1:   layout_cave_pods, uniq_prince_ribbit2

Skill      XL: |  1  2  3  4  5  6  7  8  9 10 11 |
---------------+----------------------------------+-----
Axes           | 2 3 4 5 6 7 |  7.0
Dodging        | 2 3 4 5 6 7 |  7.1
Armour         | 1 2 3 4 5 6 |  6.7
Fighting       | 4 5 6 7 8 |  8.1
Throwing       | 1 2 3 |  3.0
Evocations     | 1 2 3 |  3.3
Shields        | 1 2 4 |  4.0
Translocations | 2 3 4 5 |  5.0
Summonings     | 2 3 5 |  5.0
Stealth        | |  4.5

Action                   |  1- 3 |  4- 6 |  7- 9 | 10-12 || total
-------------------------+-------+-------+-------+-------++-------
Melee: War axe           |    85 |       |   172 |       ||   257
       Dagger            |    23 |   147 |   137 |       ||   307
       Whip              |       |       |    63 |       ||    63
       Hand axe          |       |       |    78 |   174 ||   252
Throw: Boomerang         |       |     8 |     5 |     5 ||    18
       Javelin           |       |       |    36 |    14 ||    50
       Dart              |       |       |    14 |       ||    14
 Cast: Summon Small Mamm |       |       |       |    71 ||    71
Evoke: Wand              |       |       |     4 |    11 ||    15
  Use: Scroll            |     2 |     1 |     1 |     2 ||     6
       Potion            |     1 |     2 |       |     5 ||     8
 Stab: Sleeping          |     5 |     1 |     6 |       ||    12
       Paralysed         |       |       |       |    54 ||    54
       Distracted        |       |       |       |     2 ||     2
Armor: Leather armour    |    26 |       |       |       ||    26
       Ring mail         |    23 |    40 |   142 |    43 ||   248
       Troll leather arm |       |       |       |    28 ||    28
       Skin              |       |       |       |     2 ||     2
Dodge: Dodged            |    87 |    85 |   265 |   207 ||   644
Block: Buckler           |       |       |    85 |    63 ||   148

Table legend: (Time is in decaauts)
 A = Elapsed time spent in this place.
 B = Non-inter-level travel time spent in this place.
 C = Inter-level travel time spent in this place.
 D = Time resting spent in this place.
 E = Time spent auto-exploring this place.
 F = Levels seen in this place.
 G = Mean time per level.
                   A        B        C        D        E       F      G
               +--------+--------+--------+--------+--------+-----+--------+
         Total |  18479 |  17140 |   1339 |   1422 |  12888 |  13 | 1421.5 |
       Dungeon |  18365 |  17042 |   1323 |   1422 |  12803 |  11 | 1669.5 |
        Temple |    100 |     85 |     15 |      0 |     85 |   1 |  100.0 |
          Lair |     13 |     13 |      0 |      0 |      0 |   1 |   13.0 |
               +--------+--------+--------+--------+--------+-----+--------+

Top non-repeatable levels by time:
     D:7: 2717 daAuts
     D:5: 2332 daAuts
    D:10: 2268 daAuts
     D:3: 1921 daAuts
     D:6: 1753 daAuts
     D:4: 1622 daAuts
     D:1: 1578 daAuts
     D:8: 1530 daAuts
     D:9: 1496 daAuts
     D:2: 1142 daAuts
  Temple: 100 daAuts
  Lair:1: 13 daAuts
    D:11: 1 daAuts
